 Dungeon Crawl Stone Soup version 0.30-a0-377-g5cb311bc9f (webtiles) character file.

Game seed: 13299368969871215008

341 arthad the Trooper (level 6, -1/39 HPs)
             Began as a Gargoyle Monk on Nov 28, 2022.
             Slain by Menkaure (8 damage)
             ... on level 4 of the Dungeon.
             The game lasted 00:08:13 (2747 turns).

arthad the Trooper (Gargoyle Monk)                  Turns: 2747, Time: 00:08:15

Health: -1/39      AC: 17    Str: 16    XL:     6   Next: 56%
Magic:  7/7        EV:  9    Int: 11    God:
Gold:   231        SH:  0    Dex: 12    Spells: 5/7 levels left

rFire   . . .      SeeInvis .    a - +0 mace
rCold   + . .      Faith    .    (no shield)
rNeg    + . .      Spirit   .    x - +0 ice dragon scales
rPois   ∞          Reflect  .    (no helmet)
rElec   +          Harm     .    (no cloak)
rCorr   .          Rampage  .    (no gloves)
Will    .....                    g - +2 pair of boots
Stlth   +.........               (no amulet)
HPRegen 0.26/turn                u - ring of fire
MPRegen 0.10/turn                (no ring)

@: no status effects
A: sickness immunity, AC +4, negative energy resistance 1, electricity
resistance, torment resistance 1, petrification resistance
a: no special abilities


You were on level 4 of the Dungeon.
You visited 1 branch of the dungeon, and saw 4 of its levels.

You collected 336 gold pieces.
You spent 105 gold pieces at shops.

Inventory:

Hand Weapons
 a - a +0 mace (weapon)
Armour
 b - a +0 robe
 g - a +2 pair of boots (worn)
 x - +0 ice dragon scales (worn)
Jewellery
 u - a ring of fire (left hand)
 v - a ring of ice
 w - a ring of fire
Wands
 y - a wand of polymorph (10)
 A - a wand of flame (39)
Scrolls
 d - a scroll of torment {unknown}
 f - 2 scrolls of enchant weapon {unknown}
 h - 3 scrolls of teleportation {unknown}
 k - 2 scrolls of fear {unknown}
 l - a scroll of vulnerability {unknown}
 o - a scroll of summoning {unknown}
 p - a scroll of identify {unknown}
 q - a scroll of magic mapping {unknown}
 r - a scroll of blinking
Potions
 c - a potion of ambrosia
 e - 3 potions of lignification {unknown}
 i - 3 potions of attraction {unknown}
 j - 3 potions of flight {unknown}
 m - 3 potions of cancellation {unknown}
 n - 2 potions of brilliance {unknown}
 s - a potion of might {unknown}
 t - a potion of heal wounds {unknown}
 z - 2 potions of haste {unknown}


   Skills:
 * Level 4.7 Fighting
 * Level 4.3 Maces & Flails
 * Level 2.0 Armour
 + Level 3.0 Dodging
 + Level 3.4 Stealth
 + Level 1.2 Spellcasting
 + Level 1.3 Translocations


You had 5 spell levels left.
You knew the following spells:

 Your Spells              Type           Power      Damage    Failure   Level
a - Blink                 Tloc           6%         N/A       80%         2

Your spell library contained the following spells:

 Spells                   Type           Power      Damage    Failure   Level
 Animate Dead             Necr           0%         N/A       100%        4
 Manifold Assault         Tloc           3%         N/A       100%        4
 Petrify                  Tmut/Erth      0%         N/A       100%        4
 Irradiate                Conj/Tmut      0%         3d11      100%        5
 Haunt                    Necr/Summ      0%         N/A       100%        7
 Storm Form               Tmut/Air       0%         N/A       100%        7
 Infestation              Necr           0%         N/A       100%        8
 Sublimation of Blood     Necr           Unusable   N/A       N/A         2

Dungeon Overview and Level Annotations

Branches:
Dungeon (4/15)
 Temple: D:4-7

Altars:

Shops:
D:2 ?

Annotations:
D:4 Menkaure


Innate Abilities, Weirdness & Mutations

You are immune to sickness and miasma.
Your stone body is resilient. (AC +4)
You are immune to poison.
You resist negative energy. (rN+)
You are resistant to electric shocks. (rElec)
You are resistant to unholy torment.
You are immune to petrification.


Message History

The iguana is heavily wounded.
The iguana bites you.
You barely miss the iguana.
The iguana is heavily wounded.
The iguana bites you but does no damage.
You barely miss the iguana.
The iguana is heavily wounded.
The iguana closely misses you. Menkaure hits you!
You hit the iguana but do no damage.
The iguana is heavily wounded.
The iguana bites you but does no damage.
Menkaure closely misses you.
The iguana bites you but does no damage.
You sock the iguana!
You kill the iguana!
Menkaure barely misses you.
You hit Menkaure.
Menkaure is lightly damaged.
Menkaure hits you but does no damage. Menkaure misses you.
You hit Menkaure.
Menkaure is moderately damaged.
Menkaure hits you!
* * * LOW HITPOINT WARNING * * *
You are too injured to fight recklessly!
You are too injured to fight recklessly!
You are too injured to fight recklessly!
You are too injured to fight recklessly!
Unknown command.
Okay, then.
Aiming: Polymorph
Press: ? - help, Shift-Dir - straight line, f - Menkaure
Aim: Menkaure (moderately damaged, fast, not susceptible)
Okay, then.
Aiming: Throw Flame
Press: ? - help, Shift-Dir - straight line, f - Menkaure
Aim: Menkaure (moderately damaged, fast, 85% to hit)
The puff of flame hits Menkaure!
Menkaure is burned terribly!
Menkaure is severely damaged.
Menkaure hits you!
You die...

#.# #.# #.######.####
#.##........#
#.#.........# #+##
#.#..###.##.# #...#.
..#..###.##.# #...$..
###..##.)#..# ##.......
###..##.#...####.M......
)..............'@†......
###..##.#.#.####......[.
# #....#<###.# ##.......
# #####.#.#.## #.....# #
####.## #...## #.# #+##
#.# #.# ###.###### ###
#####


You could see Menkaure (fast).

Vanquished Creatures
  A howler monkey (D:4)
  A centaur zombie (D:3)
  A jelly (D:4)
  A scorpion zombie (D:3)
  An iguana (D:4)
  An orc wizard (D:2)
  4 gnolls (D:3)
  3 adders
  An adder zombie (D:3)
  3 dart slugs
  10 orcs
  3 bats (D:2)
  10 endoplasms
  4 giant cockroaches
  10 goblins
  4 hobgoblins
  5 kobolds
  3 quokkas
  6 ball pythons
  2 ball python skeletons (D:3)
  4 frilled lizards
  6 rats
84 creatures vanquished.

Vanquished Creatures (others)
  7 fungi (D:4)
7 creatures vanquished.

Grand Total: 91 creatures vanquished

Notes
Turn   | Place    | Note
-------+----------+-------------------------------------------
     0 | D:1      | arthad the Gargoyle Monk began the quest for the Orb.
     0 | D:1      | Reached XP level 1. HP: 14/14 MP: 1/1
   138 | D:1      | Found a faded altar of an unknown god.
   165 | D:1      | Reached XP level 2. HP: 19/19 MP: 2/2
   704 | D:2      | Reached XP level 3. HP: 20/24 MP: 3/3
   741 | D:2      | Reached skill level 1 in Armour
   815 | D:2      | Learned a level 2 spell: Blink
   993 | D:2      | Found Exeydeis's Magic Scroll Shop.
  1014 | D:2      | Reached XP level 4. HP: 27/29 MP: 4/4
  1042 | D:2      | Bought a scroll of blinking for 105 gold pieces
  1396 | D:3      | Reached XP level 5. HP: 30/33 MP: 5/5
  1547 | D:3      | Reached skill level 1 in Spellcasting
  1547 | D:3      | Reached skill level 1 in Translocations
  1953 | D:4      | Reached XP level 6. HP: 33/39 MP: 7/7
  2737 | D:4      | Noticed Menkaure
  2747 | D:4      | Slain by Menkaure

Illustrated notes

Levels and vault maps discovered:
D:1:      kennysheep_arrival_forest, layout_basic,
          shapermc_ecumenical_altar_venn, minmay_pentomino_x2
D:2:      layout_rooms, serial_shops, shop, guppyfry_early_orc_mine
D:3:      layout_rooms, serial_undead, serial_undead_a, serial_undead_d,
          serial_undead_c, serial_undead_c,
          nicolae_concentric_dashed_squares_wild
D:4:      layout_loops_corners, serial_aquarium, aquarium_bridge_square
          [aquarium_subvault_bridge, aquarium_subvault_balcony,
          aquarium_subvault_window, aquarium_subvault_balcony],
          aquarium_bridge_square [aquarium_subvault_bridge,
          aquarium_subvault_bridge, aquarium_subvault_window,
          aquarium_subvault_bridge], aquarium_window_2, aquarium_window_fake,
          aquarium_window_3, aquarium_view_2e, amcnicky_mini_pool_small,
          minmay_small_thing, uniq_menkaure

Skill      XL: |  1  2  3  4  5  6 |
---------------+-------------------+-----
Armour         | 1 2 |  2.0
Fighting       | 4 |  4.7
Stealth        | 3 |  3.4
Maces & Flails | 4 |  4.3
Spellcasting   | 1 |  1.2
Translocations | 1 |  1.3
Dodging        | 3 |  3.0

Action                   |  1- 3 |  4- 6 || total
-------------------------+-------+-------++-------
Melee: Mace              |   127 |   171 ||   298
       Punch             |       |     3 ||     3
Evoke: Wand              |       |     1 ||     1
 Stab: Sleeping          |     3 |     2 ||     5
Armor: Robe              |    62 |    95 ||   157
       Ice dragon scales |       |    28 ||    28
Dodge: Dodged            |    90 |   151 ||   241

Table legend: (Time is in decaauts)
 A = Elapsed time spent in this place.
 B = Non-inter-level travel time spent in this place.
 C = Inter-level travel time spent in this place.
 D = Time resting spent in this place.
 E = Time spent auto-exploring this place.
 F = Levels seen in this place.
 G = Mean time per level.
                   A        B        C        D        E       F      G
               +--------+--------+--------+--------+--------+-----+--------+
         Total |   2811 |   2772 |     39 |     28 |   2041 |   4 |  702.8 |
       Dungeon |   2811 |   2772 |     39 |     28 |   2041 |   4 |  702.8 |
               +--------+--------+--------+--------+--------+-----+--------+

Top non-repeatable levels by time:
     D:4: 818 daAuts
     D:2: 720 daAuts
     D:1: 669 daAuts
     D:3: 602 daAuts
